 Dungeon Crawl Stone Soup version 0.30.1-11-g7821555f0a (webtiles) character file.

Game seed: 10580564706426618922

161 Chiseanne the Ducker (level 5, -10/53 HPs)
             Began as a Troll Wanderer on Nov 29, 2023.
             Mangled by an ogre
             ... wielding a +0 giant club
              (20 damage)
             ... on level 4 of the Dungeon.
             The game lasted 00:03:23 (2868 turns).

Chiseanne the Ducker (Troll Wanderer)               Turns: 2868, Time: 00:03:23

Health: -10/53     AC:  5    Str: 20    XL:     5   Next: 18%
Magic:  4/4        EV:  7    Int:  7    God:
Gold:   185        SH: 11    Dex: 12    Spells: 4/4 levels left

rFire   . . .        a - +3 hand axe
rCold   . . .        n - +1 tower shield
rNeg    . . .        e - +0 robe
rPois   .            c - +0 hat
rElec   .            h - +0 cloak
rCorr   .            (gloves unavailable)
SInv    .            (boots unavailable)
Will    .....        (no amulet)
Stlth   +            (no ring)
HPRegen 1.08/turn    (no ring)
MPRegen 0.09/turn

%: no passive effects
@: no status effects
A: large, unfitting armour, claws 3, regeneration 1, shaggy fur 1, tough skin 1
a: no special abilities


You were on level 4 of the Dungeon.
You visited 1 branch of the dungeon, and saw 4 of its levels.

You collected 185 gold pieces.

Inventory:

Hand Weapons
 a - a +3 hand axe (weapon)
Missiles
 g - 48 stones (quivered)
 o - 2 poisoned darts
Armour
 c - a +0 hat (worn)
 e - a +0 robe (worn)
 h - a +0 cloak (worn)
 n - a +1 tower shield (worn)
Jewellery
 k - a ring of ice
 s - an amulet of faith
Scrolls
 d - a scroll of blinking
Potions
 i - a potion of curing {unknown}
 j - 5 potions of heal wounds
 l - a potion of lignification {unknown}
 q - a potion of brilliance {unknown}


   Skills:
 * Level 3.0 Fighting
 - Level 3.2 Axes
 - Level 1.5 Staves
 * Level 3.4 Dodging
 * Level 0.4 Shields


You had 4 spell levels left.
You didn't know any spells.
Your spell library contained the following spells:

 Spells                   Type           Power      Damage    Failure   Level
 Shock                    Conj/Air       0%         1d3       99%         1
 Swiftness                Air            0%         N/A       100%        3
 Airstrike                Air            0%         2d(0-16)  100%        4
 Chain Lightning          Conj/Air       0%         N/A       100%        9
 Fire Storm               Conj/Fire      0%         5d1       100%        9
 Shatter                  Erth           0%         3d5*      100%        9


Dungeon Overview and Level Annotations

Branches:
Dungeon (4/15)
 Temple: D:4-7

Altars:
Sif Muna

Annotations:
D:4 1 transporter


Innate Abilities, Weirdness & Mutations

You are too large for most types of armour.
You have claws for hands.
Your natural rate of healing is unusually fast.
You are covered in fur. (AC +1)
You have tough skin. (AC +1)


Message History

The iguana is moderately wounded.
You hit the ogre. You block the ogre's attack.
The iguana bites you but does no damage.
You barely miss the iguana.
The iguana is moderately wounded.
You hit the ogre. The iguana bites you. The ogre hits you with a +0 giant club!
The iguana bites you.
You hit the ogre.
The ogre is heavily wounded.
You hit the iguana but do no damage. The ogre hits you with a +0 giant club.
The iguana bites you! The iguana bites you.
You are too injured to fight recklessly!
You are too injured to fight recklessly!
You are too injured to fight recklessly!
You are too injured to fight recklessly!
You are too injured to fight recklessly!
You are too injured to fight recklessly!
You are too injured to fight recklessly!
You are too injured to fight recklessly!
You are too injured to fight recklessly!
You are too injured to fight recklessly!
You are too injured to fight recklessly!
You are too injured to fight recklessly!
You are too injured to fight recklessly!
You are too injured to fight recklessly!
You are too injured to fight recklessly!
You are too injured to fight recklessly!
You are too injured to fight recklessly!
You are too injured to fight recklessly!
You are too injured to fight recklessly!
You are too injured to fight recklessly!
You are too injured to fight recklessly!
You block the iguana's attack. The iguana attacks as you move away!
You block the iguana's attack.
There is a large open door here.
The iguana attacks as you move away! The iguana bites you!
* * * LOW HITPOINT WARNING * * *
The ogre attacks as you move away!
The ogre hits you with a +0 giant club!!
You die...

## #.# .# ########..
##### .# #<....<...#
##...[## .###.#######..
##.)...!# ...#.#
#.####..#$$#..+ ##.#.#
#...@O..$##$.. #...#
#..#.l..$# ..#
##.########
#...##..#$$# #
...#......#
###.###......
##..)..##.# #.# ##....#
#.....##.#
###.#########
##.....##.# #..........
#......##.###.#...#....
#.....................#


You could see an ogre and an iguana.

Vanquished Creatures
  Jessica (D:3)
  Terence (D:3)
  4 adders
  A dart slug (D:1)
  An orc (D:4)
  9 endoplasms
  A giant cockroach (D:2)
  9 hobgoblins
  2 jackals (D:3)
  2 quokkas (D:3)
  10 ball pythons
  5 bats
  3 frilled lizards
  4 goblins
  9 kobolds
  7 rats
69 creatures vanquished.

Notes
Turn   | Place    | Note
-------+----------+-------------------------------------------
     0 | D:1      | Chiseanne the Troll Wanderer began the quest for the Orb.
     0 | D:1      | Chiseanne set off with the following items: a +2 hand axe,
                  | a +0 quarterstaff, a +0 hat, a scroll of blinking, a +0
                  | robe.
     0 | D:1      | Reached XP level 1. HP: 19/19 MP: 0/0
   328 | D:1      | Reached XP level 2. HP: 27/27 MP: 1/1
  1164 | D:2      | Found a faded altar of an unknown god.
  1181 | D:2      | Reached XP level 3. HP: 35/35 MP: 2/2
  1475 | D:2      | Found a shimmering blue altar of Sif Muna.
  1791 | D:2      | Reached XP level 4. HP: 44/44 MP: 3/3
  2163 | D:3      | Noticed Terence
  2176 | D:3      | Killed Terence
  2205 | D:3      | Noticed Jessica
  2211 | D:3      | Killed Jessica
  2212 | D:3      | Reached XP level 5. HP: 51/52 MP: 4/4
  2751 | D:4      | Noticed a small abomination
  2833 | D:4      | Found a transporter.
  2834 | D:4      | Noticed a small abomination
  2841 | D:4      | Noticed an ancient zyme
  2858 | D:4      | Noticed an ogre
  2868 | D:4      | Mangled by an ogre

Illustrated notes

Levels and vault maps discovered:
D:1:      dpeg_arrival_circle_labyrinth_b, layout_basic
D:2:      layout_basic, basic_altar, ebering_ecumenical_altar_box,
          minmay_between
D:3:      layout_loops_ring, uniq_jessica, uniq_terence
D:4:      minmay_polygon_palace, layout_loops_cross,
          gammafunk_ghost_abyssal_escape, st_stairs_6

Skill      XL: |  1  2  3  4  5 |
---------------+----------------+-----
Dodging        | 2 3 |  3.4
Fighting       | 2 3 |  3.0
Axes           | |  3.2
Staves         | |  1.5
Shields        | |  0.4

Action                     |  1- 3 |  4- 6 || total
---------------------------+-------+-------++-------
  Melee: Hand axe          |   114 |    73 ||   187
    Use: Scroll            |     1 |     7 ||     8
   Stab: Sleeping          |     2 |     2 ||     4
 Armour: Robe              |    41 |    18 ||    59
  Dodge: Dodged            |    54 |    28 ||    82
  Block: Tower shield      |       |    27 ||    27
